 Dungeon Crawl Stone Soup version 0.21-a0-350-g2362ee1 (webtiles) character file.

3060 EvilAshe the Reanimator (level 9, -6/72 HPs)
             Began as a Ghoul Necromancer on Oct 9, 2017.
             Mangled by Grum
             ... wielding a +0 spear of flaming
              (7 damage)
             ... on level 8 of the Dungeon.
             The game lasted 00:40:53 (9616 turns).

EvilAshe the Reanimator (Ghoul Necromancer)         Turns: 9616, Time: 00:40:54

Health: -6/72      AC:  5    Str: 12    XL:     9   Next: 87%
Magic:  2/15       EV: 13    Int: 13    God:
Gold:   420        SH:  0    Dex:  9    Spells: 3/18 levels left

rFire    . . .     SeeInvis .     - Unarmed
rCold    + + .     Gourm    .   (no shield)
rNeg     + + +     Faith    .   z - +0 leather armour
rPois    ∞         Spirit   .   j - +0 helmet
rElec    .         Reflect  .   (no cloak)
rCorr    .         Harm     .   (no gloves)
MR       .....                  e - +0 pair of boots
Stlth    ++........             m - amulet of magic regeneration
HPRegen  0.00/turn              u - ring of protection from cold
MPRegen  0.39/turn              w - ring of stealth

@: rotting
A: rotting body, claws 1, carnivore 3, cold resistance 1, negative energy
resistance 3, inhibited regeneration, torment resistance, unbreathing
a: no special abilities


You were on level 8 of the Dungeon.
You were hungry.

You visited 1 branch of the dungeon, and saw 8 of its levels.

You collected 420 gold pieces.

Inventory:

Armour
 a - a +0 robe
 e - a +0 pair of boots (worn)
 j - a +0 helmet (worn)
 z - a +0 leather armour (worn)
Jewellery
 m - an amulet of magic regeneration (around neck)
 u - a ring of protection from cold (left claw)
 w - a ring of stealth (right claw)
Wands
 n - a wand of paralysis (0/24)
 r - a wand of acid (0/15)
Scrolls
 d - a scroll of enchant weapon {unknown}
 h - 4 scrolls of remove curse
 i - 2 scrolls of amnesia
 k - 3 scrolls of teleportation
 l - 2 scrolls of recharging
 o - a scroll of enchant armour {unknown}
 s - a scroll of magic mapping
 t - a scroll of random uselessness {unknown}
 v - 2 scrolls of fear
 y - a scroll of fog {unknown}
Potions
 g - 5 potions of curing
 p - a potion of agility
 q - a potion of flight
 x - a potion of brilliance
 A - a potion of heal wounds
 B - a potion of degeneration {unknown}
 C - a potion of magic {unknown}
Books
 b - a book of Necromancy

   Spells                             Type                      Level
   a - Pain                           Necromancy                   1
   b - Animate Skeleton               Necromancy                   1
   c - Vampiric Draining              Necromancy                   3
   d - Regeneration                   Charms/Necromancy            3
   e - Animate Dead                   Necromancy                   4
   f - Control Undead                 Necromancy                   4
Comestibles
 c - 2 meat rations
 f - 3 chunks of flesh


   Skills:
 + Level 4.6 Fighting
 + Level 4.4 Dodging
 - Level 2.1 Stealth
 + Level 5.3 Unarmed Combat
 - Level 5.0 Spellcasting
 + Level 9.9 Necromancy


You had 3 spell levels left.
You knew the following spells:

 Your Spells              Type           Power        Failure   Level  Hunger
a - Pain                  Necr           ####         1%          1    None
c - Control Undead        Necr           ####......   4%          4    ####...
r - Regeneration          Chrm/Necr      ###.......   9%          3    ###....
v - Vampiric Draining     Necr           ####......   1%          3    ###....
z - Animate Dead          Necr           N/A          4%          4    ####...


Dungeon Overview and Level Annotations

Branches:
Dungeon (8/15)
 Temple: D:4-7         Lair: D:8-11

Altars:
Makhleb
Ru

Shops:
D:4 *

Annotations:
D:5 cirnu's ghost, amateur DsAs
D:7 Joseph
D:8 exclusion: two-headed ogre, Grum


Innate Abilities, Weirdness & Mutations

Your body is rotting away.
You thrive on raw meat.
You are immune to poison.
You have sharp fingernails.
You are carnivorous and can eat meat at any time.
Your flesh is cold resistant. (rC+)
You are immune to negative energy. (rN+++)
You do not regenerate when monsters are visible.
You are immune to unholy pain and torment.
You can survive without breathing.


Message History

You see here a wolf skeleton.
Casting: Pain
Confirm with . or Enter, or press ? or * to list all spells.
Aiming: Vampiric Draining
Press: ? - help, Shift-Dir - straight line, f/p - Grum
Aim: Grum, wielding a spear of flaming and wearing an animal skin (moderately wounded) Grum is severely wounded.
You feel life coursing into your body. Grum misses you.
Casting: Vampiric Draining
Confirm with . or Enter, or press ? or * to list all spells.
Aiming: Vampiric Draining
Press: ? - help, Shift-Dir - straight line, f/p - Grum
Aim: Grum, wielding a spear of flaming and wearing an animal skin (severely wounded) Grum is almost dead.
You feel life coursing into your body.
You are feeling hungry.
Grum hits you with a spear of flaming!
* * * LOW HITPOINT WARNING * * *
Grum burns you!
You die...

#.# #.##... #.# #.#
#.##.### #.#
###.###......# #.#
#........#.#.### #.#
#.#.###......... ..#
#h#.# ##.#.#.#. ...
#.#.# #.....# #.#
#.#.######.#########.#
#.#...g@.h...........#
#.#######.########...#


hg# #............### ### #.######.......# #.# #.).).... #.######.)>....#
.............### ##########...# ##### You could see Grum and a wolf.

Vanquished Creatures
  Pikel (D:3)
  Prince Ribbit (D:7)
  Eustachio (D:3)
  An orc warrior (D:5)
  A slave (D:3)
  2 sky beasts
  A black bear (D:6)
  A hornet zombie (D:6)
  3 ogres
  2 wolves (D:8)
  2 bullfrogs (D:6)
  3 scorpions
  A howler monkey (D:6)
  3 crimson imps
  A jelly (D:8)
  4 orc priests
  A gnoll shaman (D:7)
  A hound (D:6)
  2 iguanas
  10 orc wizards
  4 worker ants
  A hound skeleton (D:5)
  A howler monkey zombie (D:5)
  12 gnolls
  8 adders
  3 shadow imps
  An adder zombie (D:5)
  2 adder skeletons (D:4)
  A worm (D:2)
  2 dart slugs
  4 leopard geckos
  27 orcs
  3 ball pythons
  5 giant cockroaches
  6 goblins
  11 hobgoblins
  6 jackals (D:6)
  7 kobolds
  2 quokkas (D:2)
  7 bats
  3 frilled lizards
  A leopard gecko zombie (D:6)
  A quokka zombie (D:6)
  8 rats
168 creatures vanquished.

Vanquished Creatures (others)
  The ghost of EvilAshe the Vexing, an amateur DEEn of Dithmenos (D:4)
  A gnoll (D:4)
  2 orcs (D:4)
4 creatures vanquished.

Grand Total: 172 creatures vanquished

Notes
Turn   | Place    | Note
-------+----------+-------------------------------------------
     0 | D:1      | EvilAshe the Ghoul Necromancer began the quest for the Orb.
     0 | D:1      | Reached XP level 1. HP: 14/14 MP: 2/2
   194 | D:1      | Reached XP level 2. HP: 15/20 MP: 4/4
   640 | D:1      | Reached XP level 3. HP: 26/26 MP: 3/5
  1082 | D:1      | Learned a level 3 spell: Vampiric Draining
  1552 | D:1      | Reached skill level 5 in Necromancy
  1694 | D:2      | Reached XP level 4. HP: 25/33 MP: 6/6
  1954 | D:2      | Found a burning altar of Makhleb.
  2262 | D:3      | Reached XP level 5. HP: 28/38 MP: 1/8
  2685 | D:3      | Reached skill level 6 in Necromancy
  2717 | D:3      | Reached XP level 6. HP: 39/45 MP: 6/9
  2722 | D:3      | Learned a level 3 spell: Regeneration
  2791 | D:4      | Found Fulistrud's General Store.
  2791 | D:4      | Noticed EvilAshe's ghost (amateur DEEn)
  2909 | D:4      | Noticed Eustachio
  3568 | D:4      | Noticed a slave
  3588 | D:4      | Noticed Pikel
  3596 | D:3      | Killed a slave
  3951 | D:3      | Killed Eustachio
  3951 | D:3      | Reached skill level 7 in Necromancy
  3951 | D:3      | Reached XP level 7. HP: 40/49 MP: 11/11
  4026 | D:3      | Killed Pikel
  4026 | D:3      | Reached skill level 8 in Necromancy
  4026 | D:3      | Reached XP level 8. HP: 21/57 MP: 2/13
  4214 | D:3      | Learned a level 4 spell: Animate Dead
  4219 | D:3      | Learned a level 4 spell: Control Undead
  4240 | D:4      | Paralysed by a gnoll for 6 turns
  4414 | D:5      | Entered Level 5 of the Dungeon
  4452 | D:4      | Killed EvilAshe's ghost
  4823 | D:4      | Found a sacrificial altar of Ru.
  5024 | D:5      | Reached skill level 1 in Unarmed Combat
  5360 | D:5      | Noticed cirnu's ghost (amateur DsAs)
  5496 | D:4      | Reached skill level 5 in Spellcasting
  5688 | D:5      | Reached skill level 1 in Fighting
  5688 | D:5      | Reached skill level 9 in Necromancy
  6765 | D:6      | Reached XP level 9. HP: 44/66 MP: 13/15
  8387 | D:7      | Noticed Joseph
  8611 | D:7      | Noticed Prince Ribbit
  8701 | D:7      | Killed Prince Ribbit
  8842 | D:7      | Reached skill level 5 in Unarmed Combat
  9230 | D:8      | Noticed a two-headed ogre
  9490 | D:8      | Noticed Grum
  9616 | D:8      | HP: 1/72 [Grum/spear of flaming (16)]
  9616 | D:8      | Mangled by Grum

Vault maps used:
D:1:      nagdon_arrival_double_spiral, serial_bayou, serial_bayou_lake_a,
          serial_bayou_shore_b, serial_bayou_pond_c, serial_bayou_shore_a,
          minmay_door_square
D:2:      lemuel_tele_altar
D:4:      first_bread, serial_shops, shop, nicolae_ru_the_path_less_chosen,
          uniq_eustachio, uniq_pikel
D:6:      kennysheep_nub
D:7:      old_standard_altar, minmay_temple_entry_enclosed_plants,
          uniq_crazy_yiuf_cottage, uniq_joseph, uniq_prince_ribbit1
D:8:      serial_shops, nicolae_shop_trees, special_room, uniq_grum

Skill      XL: |  1  2  3  4  5  6  7  8  9 |
---------------+----------------------------+-----
Spellcasting   | 2 3 4 5 |  5.0
Necromancy     | 5 6 7 8 9 |  9.9
Unarmed Combat | 3 5 |  5.3
Fighting       | 2 4 |  4.6
Dodging        | 2 4 |  4.4
Stealth        | |  2.1

Action                   |  1- 3 |  4- 6 |  7- 9 || total
-------------------------+-------+-------+-------++-------
Melee: Unarmed           |   154 |   153 |   487 ||   794
       Punch             |       |       |     6 ||     6
 Cast: Pain              |    37 |    40 |    90 ||   167
       Vampiric Draining |     2 |    17 |    54 ||    73
       Regeneration      |       |       |     2 ||     2
       Control Undead    |       |       |     5 ||     5
Evoke: Wand              |       |     2 |    13 ||    15
  Use: Scroll            |       |     7 |     8 ||    15
 Stab: Sleeping          |     4 |       |     2 ||     6
       Paralysed         |       |       |    26 ||    26
  Eat: Chunk             |    12 |     7 |    25 ||    44
Armor: Robe              |    41 |    40 |    35 ||   116
       Leather armour    |       |       |    80 ||    80
Dodge: Dodged            |    97 |   132 |   300 ||   529

Table legend:
 A = Spawn XP
 B = Non-spawn XP
 C = Spawn XP percentage of total XP
 D = Spawn monster count
 E = Non-spawn monster count
 F = Spawn count percentage of total count
 G = Total turns spent on level
                    A         B        C        D         E        F      G
               +---------+---------+-------+---------+---------+-------+---------
         Total |       0 |    4372 |   0.0 |       0 |     167 |   0.0 |  9616
               +---------+---------+-------+---------+---------+-------+---------
           D:1 |       0 |      59 |   0.0 |       0 |      29 |   0.0 |  1415
           D:2 |       0 |      84 |   0.0 |       0 |      19 |   0.0 |  1313
           D:3 |       0 |    1137 |   0.0 |       0 |      27 |   0.0 |  1385
           D:4 |       0 |     235 |   0.0 |       0 |      15 |   0.0 |  1434
           D:5 |       0 |     823 |   0.0 |       0 |      20 |   0.0 |  1152
           D:6 |       0 |    1119 |   0.0 |       0 |      36 |   0.0 |  1512
           D:7 |       0 |     488 |   0.0 |       0 |      12 |   0.0 |   949
           D:8 |       0 |     427 |   0.0 |       0 |       9 |   0.0 |   456
               +---------+---------+-------+---------+---------+-------+---------
